 Dungeon Crawl Stone Soup version 0.31-a0-175-g9f7f995f2b (webtiles) character file.

Game seed: 15167867794705715849

154 qw the Chopper (level 5, 0/32 HPs)
             Began as a Gargoyle Fighter on June 16, 2023.
             Slain by Robin
             ... wielding a +0 falchion
              (4 damage)
             ... on level 3 of the Dungeon.
             The game lasted 00:01:18 (2179 turns).

qw the Chopper (Gargoyle Fighter)                   Turns: 2179, Time: 00:01:18

Health: 0/32       AC: 12    Str: 22    XL:     5   Next: 35%
Magic:  5/5        EV:  9    Int:  8    God:
Gold:   131        SH:  4    Dex:  9    Spells: 4/4 levels left

rFire   . . .        Y - +0 war axe
rCold   . . .        c - +0 buckler
rNeg    + . .        b - +0 scale mail
rPois   inf          l - +0 helmet
rElec   +            (no cloak)
rCorr   .            (no gloves)
SInv    .            (no boots)
Will    .....        (no amulet) Stlth
                     (no ring)
HPRegen 0.25/turn    (no ring)
MPRegen 0.09/turn

%: no passive effects
@: no status effects
A: sickness immunity, AC +4, negative energy resistance 1, electricity
resistance, torment resistance 1, petrification resistance
a: no special abilities


You were on level 3 of the Dungeon.
You visited 1 branch of the dungeon, and saw 3 of its levels.

You collected 131 gold pieces.


Innate Abilities, Weirdness & Mutations

You are immune to sickness and miasma.
Your stone body is resilient. (AC +4)
You are immune to poison.
You resist negative energy. (rN+)
You are resistant to electric shocks. (rElec)
You are resistant to unholy torment.
You are immune to petrification.


   Skills:
 - Level 3.2 Fighting
 + Level 4.9 Axes
 - Level 3.2 Armour
 - Level 3.2 Shields


You had 4 spell levels left.
You didn't know any spells.
Your spell library was empty.

Inventory:

Hand Weapons
 a - a +0 mace
 Y - a +0 war axe (weapon)
Armour
 b - a +0 scale mail (worn)
 c - a +0 buckler (worn)
 g - a +0 chain mail
 l - a +0 helmet (worn)
Scrolls
 h - 2 scrolls of identify
Potions
 d - a potion of might
 e - a potion of haste
 f - a potion of curing

Dungeon Overview and Level Annotations

Branches:
Dungeon (3/15)

Altars:
Elyvilon

Shops:
D:2 [

Annotations:
D:3 Robin


Message History

The goblin barely misses you. The hobgoblin hits you.
The goblin hits you but does no damage.
You barely miss the hobgoblin. You barely miss the goblin.
The ball python hisses angrily.
The hobgoblin closely misses you. The goblin hits you but does no damage.
Robin roars a battlecry!
The goblin goes into a battle-frenzy!
The goblin hits you but does no damage.
The hobgoblin hits you but does no damage.
You hit the hobgoblin.
The hobgoblin is heavily wounded.
You barely miss the goblin.
The hobgoblin hits you but does no damage.
The goblin hits you but does no damage. The hobgoblin closely misses you.
The goblin hits you but does no damage.
You hit the hobgoblin.
You kill the hobgoblin!
You slash the goblin!
You kill the goblin!
The hobgoblin hits you.
You hit the hobgoblin.
The hobgoblin is almost dead.
The hobgoblin no longer looks unusually strong.
The hobgoblin hits you but does no damage.
You barely miss the hobgoblin.
The hobgoblin is almost dead.
The hobgoblin barely misses you. The hobgoblin completely misses you.
Robin roars a battlecry!
The hobgoblin goes into a battle-frenzy!
You closely miss the hobgoblin.
The hobgoblin is almost dead.
The hobgoblin hits you but does no damage. x2
You slash the hobgoblin!
You kill the hobgoblin!
Robin says, "Bow before me, strongest of all the hobgoblins!"
Robin barely misses you.
You closely miss Robin.
You feel yourself speed up. Robin closely misses you.
Robin hits you with a +0 falchion.
You die...

##..#
##..#
7..7#
#77..7#
##.PP.P#
#.....7#
#.7P777
#)####..##
#)@gS.....
######..##


You could see Robin and a ball python.

Vanquished Creatures
  Jessica (D:3)
  Natasha (D:3)
  2 adders
  2 dart slugs
  An orc (D:3)
  10 endoplasms
  A giant cockroach (D:2)
  9 hobgoblins
  2 jackals (D:3)
  5 kobolds
  3 quokkas
  6 ball pythons
  7 bats
  5 frilled lizards
  15 goblins
  6 rats
76 creatures vanquished.

Notes
Turn   | Place    | Note
-------+----------+-------------------------------------------
     0 | D:1      | qw the Gargoyle Fighter began the quest for the Orb.
     0 | D:1      | Reached XP level 1. HP: 14/14 MP: 1/1
     0 | D:1      | 0 ||| qw: Version: 0.2-a-29-g511e9b1
     0 | D:1      | 0 ||| qw: Game counter: 52
     0 | D:1      | 0 ||| qw: Always use a shield: true
     0 | D:1      | 0 ||| qw: God list: Okawaru
     0 | D:1      | 0 ||| qw: Allow faded altars: false
     0 | D:1      | 0 ||| qw: Do Orc after D:15 true
     0 | D:1      | 0 ||| qw: Do second Lair branch before Depths: true
     0 | D:1      | 0 ||| qw: Lair rune preference: random
     0 | D:1      | 0 ||| qw: Plans: Normal, Zot:1-4, Slime:5, God:TSO, Crypt,
                  | Tomb, Abyss, Pan, Hells, Win
     0 | D:1      | 0 ||| PLANNING D:1-11
    26 | D:1      | Reached skill level 2 in Axes
    31 | D:1      | 31 ||| Stepping ~*~*~tactically~*~*~ (stealth).
   210 | D:1      | Reached XP level 2. HP: 12/19 MP: 2/2
   287 | D:1      | 287 ||| DROPPING +0 club.
   648 | D:1      | 648 ||| UPGRADING to +0 helmet.
   653 | D:1      | 653 ||| READING scroll labelled TEACUAGGUES.
   654 | D:1      | 654 ||| READING scroll labelled YMPOALLELUA.
   655 | D:1      | 655 ||| READING 3 scrolls labelled LETOLECR SETT.
   656 | D:1      | 656 ||| READING scroll labelled YNYSTR ZI QAO.
   661 | D:1      | 661 ||| READING scroll labelled YCIUDALAKAEMM.
   662 | D:1      | 662 ||| DRINKING 2 purple potions.
   663 | D:1      | 663 ||| DRINKING 2 blue potions.
   664 | D:1      | 664 ||| DROPPING potion of brilliance.
   695 | D:2      | 695 ||| FLEEEEING.
   696 | D:2      | 696 ||| FLEEEEING.
   697 | D:2      | 697 ||| FLEEEEING.
   698 | D:2      | 698 ||| FLEEEEING.
   699 | D:2      | 699 ||| STAIRDANCE
   713 | D:2      | Reached skill level 3 in Axes
   747 | D:2      | 747 ||| DROPPING +0 whip.
   753 | D:2      | 753 ||| Stepping ~*~*~tactically~*~*~ (stealth).
   757 | D:2      | Reached XP level 3. HP: 23/23 MP: 3/3
   809 | D:2      | Found Ixtais's Armour Shop.
   813 | D:2      | 813 ||| SHOPLISTING +2 robe of Uwkur {rF+} (271 gold, have
                  | 59).
   819 | D:2      | 819 ||| DROPPING +0 whip of flaming.
   835 | D:2      | Found a white marble altar of Elyvilon.
   854 | D:2      | 854 ||| Stepping ~*~*~tactically~*~*~ (hiding).
   856 | D:2      | 856 ||| Stepping ~*~*~tactically~*~*~ (hiding).
   858 | D:2      | 858 ||| Stepping ~*~*~tactically~*~*~ (hiding).
  1264 | D:2      | Found a faded altar of an unknown god.
  1367 | D:2      | Reached XP level 4. HP: 28/28 MP: 4/4
  1653 | D:2      | 1653 ||| READING scroll labelled UTIUREWKESS.
  1654 | D:2      | 1654 ||| READING scroll labelled LAUTROUQUO.
  1655 | D:2      | 1655 ||| READING 3 scrolls of identify.
  1655 | D:2      | 1655 ||| IDENTIFYING black potion
  1806 | D:3      | Reached skill level 4 in Axes
  1878 | D:3      | 1878 ||| Stepping ~*~*~tactically~*~*~ (stealth).
  1879 | D:3      | 1879 ||| Stepping ~*~*~tactically~*~*~ (stealth).
  1921 | D:3      | Noticed Jessica
  1922 | D:3      | 1922 ||| Stepping ~*~*~tactically~*~*~ (hiding).
  1932 | D:3      | Killed Jessica
  2150 | D:3      | Reached XP level 5. HP: 32/32 MP: 5/5
  2154 | D:3      | Noticed Natasha
  2156 | D:3      | Noticed Robin
  2166 | D:3      | HP: 6/32 [goblin/+0 dagger[Robin] (3)]
  2170 | D:3      | Killed Natasha
  2171 | D:3      | HP: 5/32 [hobgoblin[Robin] (1)]
  2174 | D:3      | HP: 1/32 [hobgoblin[Robin] (5)]
  2179 | D:3      | Slain by Robin

Levels and vault maps discovered:
D:1:      lightli_arrival_boilingwater, layout_loops_ring, skrybe_limestone_x,
          minmay_cupped
D:2:      minmay_inner_zag, layout_basic,
          hellmonk_ecumenical_altar_slurped_away, serial_shops, shop,
          basic_altar
D:3:      layout_loops_corners, nicolae_overflow_hidden_temple, serial_forest,
          infiniplex_forest_straight_4, infiniplex_forest_lined_2,
          infiniplex_forest_corner_1, infiniplex_forest_lined_2,
          infiniplex_forest_lined_3, infiniplex_forest_clump_curved,
          infiniplex_forest_clump_tiny, item_on_display_a, uniq_robin,
          uniq_jessica, uniq_natasha

Skill      XL: |  1  2  3  4 |
---------------+-------------+-----
Axes           | 2 3 4 |  4.9
Fighting       | |  3.2
Armour         | |  3.2
Shields        | |  3.2

Action                     |  1- 3 |  4- 6 || total
---------------------------+-------+-------++-------
  Melee: War axe           |   127 |    75 ||   202
    Use: Scroll            |     5 |     3 ||     8
         Potion            |     2 |       ||     2
 Armour: Scale mail        |    57 |    42 ||    99
  Dodge: Dodged            |    54 |    41 ||    95
  Block: Buckler           |    15 |    13 ||    28

Table legend:
 A = Non-vault XP
 B = Vault XP
 C = Vault XP percentage of total XP
 D = Non-vault monster count
 E = Vault monster count
 F = Vault count percentage of total count
                 A         B        C        D         E       F
            +---------+---------+-------+---------+---------+-------
      Total |     114 |     106 |  48.2 |      55 |      21 |  27.6
            +---------+---------+-------+---------+---------+-------
        D:1 |      21 |       6 |  22.2 |      15 |       3 |  16.7
        D:2 |      55 |       7 |  11.3 |      25 |       5 |  16.7
        D:3 |      38 |      93 |  71.0 |      15 |      13 |  46.4
            +---------+---------+-------+---------+---------+-------
